Unix NetHack Version 5.0.0-0 post-release - last build Jul 14 2026 02:55:29 (1809b74e8187c3a3585e283601c3028b46cbbdcb,branch:main).

Game began 2026-07-18 18:11:42, ended 2026-07-18 18:16:19.

HenriqueII, lawful male human Archeologist

                                                                     ---
                                                                     |.
                                                                     |.
                  --                                                 |.
                  ..-                                                |.-
                  -..|                                               |.|
                   ....     ---                                      |.--.----
                   -...      .|                                    ---....|.(|
                    ....    -.|         --                      ---|.....|...|
                      ..    |.|  --    -...                     ..||...-.|...|
                      -..-  |.---.-----..-                      -.---......---
                      |...--|...........-                       |.........--
                        ...--..........-                        -----G@...|
                         -.............|                            --...--
                         |...)`........|                             --.--
                         |...).^.......|                              ---
                         --.--..<......-
                          -----..--- ...|
                              ----     --

HenriqueII the Digger      St:18/04 Dx:9 Co:8 In:11 Wi:16 Ch:12  Lawful
Dlvl:3  $:22 HP:0(23) Pw:7(7) AC:9  Xp:2 T:676 

Latest messages:
 In what direction? l
 Whammm!!
 In what direction? l
 As you kick the door, it crashes open!
 You decipher the label on your scroll labeled TEMOV.
 j - a scroll of enchant weapon.
 You find a rolling boulder trap.
 You descend the stairs.
 With great effort you move the boulder.
 You begin bashing monsters with your pick-axe.
 You kill the gnome!
 Welcome to experience level 2.
 You see here a thonged club.
 The dwarf picks up a gem.
 The dwarf wields a dagger!
 You miss the dwarf.
 The dwarf thrusts her dagger.
 The dwarf hits!
 You hit the dwarf.
 The dwarf thrusts her dagger.
 The dwarf hits!
 You kill the dwarf!
 k - a hexagonal wand.
 $ - 7 gold pieces (22 in total).
 l - a dagger.
 m - a pair of hard shoes.
 n - a hooded cloak.
 o - a yellowish brown gem.
 You start digging.
 You hit the rock with all your might.
 You stop digging.
 The gnome throws a dart!
 You are almost hit by a dart.
 You materialize in a different location!
 The gnome hits!
 You kill the gnome!
 p - a tattered cape.
 You see here a whistle.
 q - a whistle.
 What do you want to use or apply? [ae-ikq or ?*] q
 You produce a high whistling sound.
 What do you want to call? [ikm-q or ?*] q
 Call a whistle: tin
 What do you want to drop? [$a-q or ?*] q
 You drop a whistle called tin.
 The gnome swings his bow.
 The gnome hits!
 You die...
 Do you want your possessions identified? [ynq] (y) y
 Do you want to see your attributes? [ynq] (y) q

Inventory:
 Coins    ('$')
  $ - 22 gold pieces
 Weapons  (')')
  l - a +0 dagger
  a - a +2 bullwhip (alternate weapon; not wielded)
 Armor    ('[')
  c - an uncursed +0 fedora (being worn)
  m - an uncursed +0 pair of iron shoes
  p - an uncursed +0 cloak of magic resistance
  n - an uncursed +0 dwarvish cloak
  b - an uncursed +0 leather jacket (being worn)
 Comestibles  ('%')
  d - 3 uncursed food rations
 Scrolls  ('?')
  j - an uncursed scroll of enchant weapon
 Wands    ('/')
  k - a wand of magic missile (0:8)
 Tools    ('(')
  h - an empty uncursed sack
  e - a +0 pick-axe (weapon in right hand)
  f - a tinning kit (0:49)
  i - a cursed wax candle
 Gems/Stones  ('*')
  o - an uncursed worthless piece of yellowish brown glass
  g - an uncursed touchstone

HenriqueII the Archeologist's attributes:

Background:
 You were a Digger, a level 2 male human Archeologist.
 You were lawful, on a mission for Quetzalcoatl
 who was opposed by Camaxtli (neutral) and Huhetotl (chaotic).
 You were right-handed.
 You were in the Gnomish Mines, on level 3.
 You entered the dungeon 676 turns ago.
 You had 39 experience points, 1 more was needed to attain level 3.

Basics:
 You had 0 out of 23 hit points.
 You had all 7 energy points (spell power).
 Your armor class was 9.
 Your wallet contained 22 zorkmids.
 Autopickup was on for '$!?/="' plus thrown, with exceptions.

Final Characteristics:
 Your strength was 18/04 (limit:18/100).
 Your dexterity was 9 (limit:18).
 Your constitution was 8 (limit:18).
 Your intelligence was 11 (limit:18).
 Your wisdom was 16 (limit:18).
 Your charisma was 12 (limit:18).

Final Status:
 You weren't hungry.
 You were unencumbered.
 You were wielding a pick-axe.
 You had basic skill with pick-axe.

Final Attributes:
 You were fervently aligned.
 You saw invisible.
 You had automatic searching.
 You were lucky.
 You are dead.

Miscellaneous:
 You didn't encounter any bones levels.
 Total elapsed playing time was 4 minutes and 27 seconds.

Major events:
 Turn
    1: HenriqueII the lawful male human Archeologist entered the dungeon
  629: entered the Gnomish Mines
  676: killed by a gnome

You didn't know any spells.

Skills:
 Fighting Skills
   bare handed combat [Unskilled]
   two weapon combat  [Unskilled]
   riding             [Unskilled]
 Weapon Skills
   dagger             [Unskilled]
   knife              [Unskilled]
   pick-axe           [Basic]
   short sword        [Unskilled]
   saber              [Unskilled]
   club               [Unskilled]
   quarterstaff       [Unskilled]
   sling              [Unskilled]
   dart               [Unskilled]
   boomerang          [Unskilled]
   whip               [Basic]
   unicorn horn       [Unskilled]
 Spellcasting Skills
   attack spells      [Unskilled]
   healing spells     [Unskilled]
   divination spells  [Unskilled]
   matter spells      [Unskilled]

Voluntary challenges:
 Character rerolling was not enabled.
 You were an atheist.
 You never genocided any monsters.
 You never polymorphed an object.
 You never changed form.
 You used no wishes.
Achievement:
 You entered the Gnomish Mines.

 The Dungeons of Doom: levels 1 to 2
    Level 1:
    Level 2:
       Stairs down to The Gnomish Mines.
 The Gnomish Mines:
    Level 3: <- You were here.
       Final resting place for
          you, killed by a gnome.


Vanquished creatures:
  a water nymph
  a dwarf
  2 gnomes
  2 jackals
  a kobold
  2 goblins
  a grid bug
  2 lichens
  a kobold zombie
  2 newts
15 creatures vanquished.

No species were genocided or became extinct.

Game over:
                       ----------
                      /          \
                     /    REST    \
                    /      IN      \
                   /     PEACE      \
                  /                  \
                  |    HenriqueII    |
                  |      22 Au       |
                  |   killed by a    |
                  |      gnome       |
                  |                  |
                  |                  |
                  |       2026       |
                 *|     *  *  *      | *
        _________)/\\_//(\/(/\)/\//\/|_)_______

Goodbye HenriqueII the Archeologist...

You died in The Gnomish Mines on dungeon level 3 with 276 points,
and 22 pieces of gold, after 676 moves.
You were level 2 with a maximum of 23 hit points when you died.

